 Dungeon Crawl Stone Soup version 0.27-a0-1555-g0e7b3fb1d2 (webtiles) character file.

Game seed: 14933723757689556280

49 nyamberluvr69 the Fighter (level 3, 0/38 HPs)
             Began as a Gnoll Wanderer on July 14, 2021.
             Was a Follower of Makhleb.
             Slain by an adder (3 damage)
             ... on level 2 of the Dungeon.
             The game lasted 00:06:32 (2832 turns).

nyamberluvr69 the Fighter (Gnoll Wanderer)          Turns: 2832, Time: 00:06:32

Health: 0/38       AC:  3    Str: 12    XL:     3   Next: 77%
Magic:  4/4        EV: 12    Int: 11    God:    Makhleb [*.....]
Gold:   44         SH:  0    Dex: 11    Spells: 2/3 levels left

rFire    . . .     SeeInvis .     - Unarmed
rCold    . . .     Faith    .   (no shield)
rNeg     . . .     Spirit   .   i - +0 leather armour
rPois    .         Reflect  .   (no helmet)
rElec    .         Harm     .   (no cloak)
rCorr    .         Rampage  .   (no gloves)
Will     .....                  (no boots)
Stlth    +.........             (no amulet)
HPRegen  0.12/turn              (no ring)
MPRegen  0.09/turn              (no ring)

@: no status effects
A: fangs 1, strong nose, distributed training
a: Renounce Religion


You were on level 2 of the Dungeon.
You worshipped Makhleb.
Makhleb was aware of your devotion.
You visited 1 branch of the dungeon, and saw 2 of its levels.

You collected 44 gold pieces.

Inventory:

Armour
 c - a +0 robe
 f - a +1 robe of positive energy
 i - a +0 leather armour (worn)
 j - a +0 plate armour
Scrolls
 a - 3 scrolls of brand weapon {unknown}
 b - 2 scrolls of identify {unknown}
 d - a scroll of fear
 e - a scroll of noise {unknown}
 k - 3 scrolls of magic mapping {unknown}
 l - a scroll of blinking {unknown}
Potions
 g - a potion of might {unknown}
 h - a potion of resistance {unknown}
 m - a potion of attraction {unknown}
 n - a potion of lignification {unknown}


   Skills:
 + Level 8.5 Fighting
 + Level 0.9 Short Blades
 + Level 0.9 Long Blades
 + Level 0.9 Axes
 + Level 0.9 Maces & Flails
 + Level 0.9 Polearms
 + Level 0.9 Staves
 + Level 0.9 Slings
 + Level 0.9 Bows
 + Level 0.9 Crossbows
 + Level 4.5 Throwing
 + Level 4.5 Armour
 + Level 2.6 Dodging
 + Level 0.9 Stealth
 + Level 0.9 Shields
 + Level 2.6 Unarmed Combat
 + Level 0.9 Spellcasting
 + Level 0.6 Conjurations
 + Level 0.6 Hexes
 + Level 0.6 Summonings
 + Level 0.6 Necromancy
 + Level 0.6 Translocations
 + Level 0.6 Transmutations
 + Level 0.6 Fire Magic
 + Level 0.6 Ice Magic
 + Level 0.6 Air Magic
 + Level 0.6 Earth Magic
 + Level 0.6 Poison Magic
 + Level 1.0 Invocations
 + Level 0.9 Evocations


You had 2 spell levels left.
You knew the following spells:

 Your Spells              Type           Power      Damage    Failure   Level
a - Summon Small Mammal   Summ           4%         N/A       32%         1

Your spell library contained the following spells:

 Spells                   Type           Power      Damage    Failure   Level
 Passwall                 Tmut/Erth      0%         N/A       43%         2
 Wereblood                Tmut           1%         N/A       43%         2
 Summon Guardian Golem    Hex/Summ       1%         N/A       67%         3


Dungeon Overview and Level Annotations

Branches:
Dungeon (2/15)

Altars:
Makhleb


Innate Abilities, Weirdness & Mutations

You have very sharp teeth.
Your uncanny sense of smell can sniff out nearby items.
Your experience applies equally to all skills.


Message History

The adder is moderately wounded.
You feel sick. The adder closely misses you.
You feel sick.
You feel sick.
You feel sick. The adder closely misses you.
You feel sick.
You feel sick.
You feel sick. The adder barely misses you.
You feel sick.
You are no longer poisoned.
The adder bites you but does no damage.
Casting: Summon Small Mammal (safe; 32% risk of failure)
Confirm with . or Enter, or press ? or * to list all spells.
You miscast Summon Small Mammal.
You are very lightly contaminated with residual magic.
Nothing appears to happen.
The adder bites you.
You are poisoned.
The adder poisons you!
You feel sick. The adder closely misses you.
You feel sick.
You feel sick.
You feel sick.
You feel sick.
You are no longer poisoned.
The adder bites you.
* * * LOW HITPOINT WARNING * * *
You are poisoned.
The adder poisons you!
You feel sick.
Your magical contamination has completely faded away.
You feel sick.
You feel sick. The adder bites you.
* * * LOW HITPOINT WARNING * * *
You feel sick.
You feel sick.
You are no longer poisoned.
You barely miss the adder. You bite the adder, but do no damage.
The adder is lightly wounded.
The adder bites you but does no damage. The adder bites you.
You die...

####### ....... #.#
### #.# #.. #.# #.#
#.# #.# ####### #.#
#####.# #.@...# #.#
#.....# #S###.###.#
#.##### #.#
#.....###.#####
#.###.###.......^..
#.....# #.###.#####
###.#####.###.#####
#.##†##..........
#.#...#####.#####
#.....(......###


You could see an adder.

Vanquished Creatures
  An adder (D:2)
  A worm (D:2)
  2 ball pythons
  3 bats
  2 endoplasms (D:1)
  2 giant cockroaches
  7 hobgoblins
  4 kobolds (D:1)
  3 quokkas
  2 frilled lizards (D:1)
  2 goblins
  3 rats
32 creatures vanquished.

Vanquished Creatures (collateral kills)
  A goblin (D:1)
1 creature vanquished.

Grand Total: 33 creatures vanquished

Notes
Turn   | Place    | Note
-------+----------+-------------------------------------------
     0 | D:1      | nyamberluvr69 the Gnoll Wanderer began the quest for the
                  | Orb.
     0 | D:1      | nyamberluvr69 set off with the following items: a +0 club,
                  | a potion of heal wounds, a +0 robe, a scroll of fear; and
                  | the following spell memorised: Summon Small Mammal; and the
                  | following spells available to memorise: Passwall,
                  | Wereblood, Summon Guardian Golem
     0 | D:1      | Reached XP level 1. HP: 26/26 MP: 1/1
   781 | D:1      | Reached XP level 2. HP: 32/33 MP: 0/2
  1183 | D:1      | Found a faded altar of an unknown god.
  1192 | D:1      | Reached XP level 3. HP: 38/38 MP: 3/3
  1205 | D:1      | Became a worshipper of Makhleb the Destroyer
  1205 | D:1      | Reached * piety under Makhleb
  1852 | D:2      | Reached skill level 1 in Invocations
  2165 | D:2      | HP: 1/38 [poisoned by an adder]
  2832 | D:2      | Slain by an adder

Illustrated notes

Levels and vault maps discovered:
D:1:      dpeg_arrival_circle_labyrinth_a, layout_basic,
          shapermc_ecumenical_altar_venn
D:2:      layout_loops_ring

Skill      XL: |  1  2  3 |
---------------+----------+-----
Invocations    | 1 |  1.0
Fighting       | |  8.5
Short Blades   | |  0.9
Long Blades    | |  0.9
Axes           | |  0.9
Maces & Flails | |  0.9
Polearms       | |  0.9
Staves         | |  0.9
Slings         | |  0.9
Bows           | |  0.9
Crossbows      | |  0.9
Throwing       | |  4.5
Armour         | |  4.5
Dodging        | |  2.6
Stealth        | |  0.9
Shields        | |  0.9
Unarmed Combat | |  2.6
Spellcasting   | |  0.9
Conjurations   | |  0.6
Hexes          | |  0.6
Summonings     | |  0.6
Necromancy     | |  0.6
Translocations | |  0.6
Transmutations | |  0.6
Fire Magic     | |  0.6
Ice Magic      | |  0.6
Air Magic      | |  0.6
Earth Magic    | |  0.6
Poison Magic   | |  0.6
Evocations     | |  0.9

Action                   || total
-------------------------++-------
Melee: Unarmed           ||   197
       Bite              ||    16
 Cast: Summon Small Mamm ||     9
  Use: Potion            ||     1
 Stab: Sleeping          ||     4
Armor: Robe              ||    30
       Leather armour    ||    12
Dodge: Dodged            ||   126

Table legend: (Time is in decaauts)
 A = Elapsed time spent in this place.
 B = Non-inter-level travel time spent in this place.
 C = Inter-level travel time spent in this place.
 D = Time resting spent in this place.
 E = Time spent auto-exploring this place.
 F = Levels seen in this place.
 G = Mean time per level.
                   A        B        C        D        E       F      G
               +--------+--------+--------+--------+--------+-----+--------+
         Total |   2823 |   2795 |     28 |    716 |   1535 |   2 | 1411.5 |
       Dungeon |   2823 |   2795 |     28 |    716 |   1535 |   2 | 1411.5 |
               +--------+--------+--------+--------+--------+-----+--------+

Top non-repeatable levels by time:
     D:1: 1568 daAuts
     D:2: 1255 daAuts
